 Dungeon Crawl Stone Soup version 0.31-a0-214-gb37851dbb3 (webtiles) character file.

Game seed: 5224005143453954006

672 qw the Shooter (level 7, 0/58 (59) HPs)
             Began as a Minotaur Hexslinger on July 1, 2023.
             Slain by a wight
             ... wielding a +3 flail
              (10 damage)
             ... on level 5 of the Dungeon.
             The game lasted 00:01:20 (3443 turns).

qw the Shooter (Minotaur Hexslinger)                Turns: 3443, Time: 00:01:21

HP:   0/58 (59)     AC:  6    Str: 13    XL:     7   Next: 32%
MP:   7/7           EV: 13    Int: 10    God:
Gold: 197           SH:  0    Dex: 16    Spells: 7/8 levels left

rFire   . . .        Y - +2 sling
rCold   . . .        (no shield)
rNeg    . . .        j - +2 robe {Will+}
rPois   .            (helmet restricted)
rElec   .            (no cloak)
rCorr   .            f - +0 pair of gloves
SInv    .            b - +0 pair of boots of Eternity {Dex+2}
Will    ++...        l - amulet of faith
Stlth   +            d - ring of willpower
HPRegen 0.29/turn    (no ring)
MPRegen 0.10/turn

%: faith
@: about to teleport, lightly drained
A: horns 2, retaliatory headbutt
a: no special abilities


You were on level 5 of the Dungeon.
You visited 1 branch of the dungeon, and saw 5 of its levels.

You collected 197 gold pieces.


Innate Abilities, Weirdness & Mutations

You have a pair of horns on your head.
You reflexively headbutt those who attack you in melee.


   Skills:
 - Level 4.0 Fighting
 + Level 7.5 Ranged Weapons
 - Level 1.1 Armour
 - Level 3.8 Dodging
 - Level 1.0 Spellcasting
 - Level 2.0 Hexes


You had 7 spell levels left.
You knew the following spells:

 Your Spells              Type           Power      Damage    Failure   Level
a - Slow                  Hex            16%        N/A       16%         1

Your spell library contained the following spells:

 Spells                   Type           Power      Damage    Failure   Level
 Inner Flame              Hex/Fire       2%         N/A       56%         3
 Portal Projectile        Hex/Tloc       4%         N/A       56%         3
 Cause Fear               Hex            2%         N/A       83%         4

Inventory:

Hand Weapons
 Y - a +2 sling (weapon)
Armour
 b - the +0 pair of boots of Eternity (worn) {Dex+2}
   (You acquired it on level 2 of the Dungeon)

   Dex:       It affects your dexterity (+2).
 f - a +0 pair of gloves (worn)
 j - a +2 robe of willpower (worn)
 m - a +1 pair of gloves
Jewellery
 d - a ring of willpower (left hand)
 l - an amulet of faith (around neck)
Wands
 n - a wand of digging (1)
Scrolls
 a - a scroll of identify
 g - 3 scrolls of teleportation
Potions
 c - a potion of ambrosia {unknown}
 e - 2 potions of haste
 h - 3 potions of mutation
 i - a potion of resistance {unknown}
 k - a potion of degeneration {unknown}
 o - 3 potions of heal wounds

Dungeon Overview and Level Annotations

Branches:
Dungeon (5/15)
 Temple: D:4-7

Altars:
Ru
Vehumet


Message History

The ogre shouts!
A wight comes into view. It is wielding a +0 flail.
You shoot a sling bullet.
The sling bullet hits the wight but does no damage.
You shoot a sling bullet.
The sling bullet barely misses the wight.
A wight comes into view. It is wielding a +0 hand axe.
You shoot a sling bullet. The sling bullet hits the ogre.
The ogre is lightly wounded.
You shoot a sling bullet. The sling bullet hits the ogre.
The ogre is moderately wounded.
You shoot a sling bullet.
The sling bullet hits the ogre but does no damage.
The ogre is moderately wounded.
You shoot a sling bullet. The sling bullet hits the ogre!
The ogre is heavily wounded.
The wight hits you with a +3 flail.
You feel drained.
The ogre hits you with a +0 giant club!!
You shoot a sling bullet. The sling bullet hits the ogre!
The ogre is severely wounded.
You shoot a sling bullet. The sling bullet hits the ogre!
You kill the ogre!
Your life force feels restored.
Your Dodging skill increases to level 3!
You shoot a sling bullet.
The sling bullet barely misses the wight.
The wight closely misses you. You furiously retaliate!
You headbutt the wight. You shoot a sling bullet.
The sling bullet hits the wight.
The wight is lightly damaged.
The wight closely misses you. The wight hits you with a +3 flail.
The wight closely misses you.
You shoot a sling bullet.
The sling bullet barely misses the wight.
The wight hits you with a +0 flail!
You feel drained. The wight hits you with a +3 flail.
The wight hits you with a +0 hand axe.
3443 ||| READING 4 scrolls of teleportation.
As you read the scroll of teleportation, it crumbles to dust.
You feel strangely unstable. The wight hits you with a +3 flail!
You die...

........#
.......# .......#
......# ......#
#....# #zz..#
#@z..# #....#
#....# #....#
#....#
############.<..#
#...............#
#.....)........##
#..............#


You could see 3 wights.

Vanquished Creatures
  Menkaure (D:4)
  An ogre (D:5)
  A scorpion (D:4)
  A wight (D:5)
  2 hounds
  Ijyb (D:4)
  An orc wizard (D:3)
  Robin (D:4)
  10 gnolls (D:2)
  4 adders
  An ufetubus (D:4)
  2 worms (D:2)
  A dart slug (D:4)
  5 orcs
  9 endoplasms
  2 giant cockroaches
  8 goblins
  12 hobgoblins
  7 jackals
  A quokka (D:2)
  2 ball pythons
  5 bats
  5 frilled lizards
  4 kobolds
  3 rats
90 creatures vanquished.

Vanquished Creatures (others)
  A goblin (D:4)
1 creature vanquished.

Grand Total: 91 creatures vanquished

Notes
Turn   | Place    | Note
-------+----------+-------------------------------------------
     0 | D:1      | qw the Minotaur Hexslinger began the quest for the Orb.
     0 | D:1      | Reached XP level 1. HP: 16/16 MP: 1/1
     0 | D:1      | 0 ||| qw: Version: 0.3-a-32-g5962c71
     0 | D:1      | 0 ||| qw: Game counter: 7664
     0 | D:1      | 0 ||| qw: Melee chars always use a shield: true
     0 | D:1      | 0 ||| qw: God list: Okawaru
     0 | D:1      | 0 ||| qw: Allow faded altars: false
     0 | D:1      | 0 ||| qw: Do Orc after clearing Dungeon:15 true
     0 | D:1      | 0 ||| qw: Do second Lair branch before Depths: true
     0 | D:1      | 0 ||| qw: Lair rune preference: random
     0 | D:1      | 0 ||| qw: Goals: Normal
     0 | D:1      | 0 ||| PLANNING D:1-11
   202 | D:1      | Reached skill level 3 in Ranged Weapons
   209 | D:1      | Reached XP level 2. HP: 23/23 MP: 2/2
   494 | D:1      | Found a faded altar of an unknown god.
   650 | D:1      | 650 ||| UPGRADING to +0 leather armour.
   660 | D:1      | 660 ||| DROPPING +0 robe.
   661 | D:1      | 661 ||| UPGRADING to +2 robe of willpower.
   671 | D:1      | 671 ||| DROPPING +0 leather armour.
   672 | D:1      | 672 ||| READING 3 scrolls labelled NERGHI BUYC.
   673 | D:1      | 673 ||| READING 2 scrolls labelled KIENKE EMUM.
   674 | D:1      | 674 ||| READING scroll labelled YHO TYIBYOK.
   675 | D:1      | 675 ||| READING scroll labelled EXZUNK WEEGG.
   676 | D:1      | 676 ||| READING 2 scrolls of identify.
   676 | D:1      | 676 ||| IDENTIFYING fuming orange potion
   677 | D:1      | 677 ||| DROPPING scroll of poison.
   678 | D:1      | 678 ||| DROPPING scroll of amnesia.
   757 | D:2      | Reached XP level 3. HP: 25/29 MP: 3/3
   764 | D:2      | 764 ||| FLEEEEING.
   765 | D:2      | 765 ||| FLEEEEING.
   766 | D:2      | 766 ||| FLEEEEING.
   767 | D:2      | 767 ||| FLEEEEING.
   768 | D:2      | 768 ||| FLEEEEING.
   769 | D:2      | 769 ||| FLEEEEING.
   770 | D:2      | 770 ||| FLEEEEING.
   772 | D:2      | 772 ||| FLEEEEING.
   773 | D:2      | 773 ||| FLEEEEING.
   774 | D:2      | 774 ||| FLEEEEING.
   775 | D:2      | 775 ||| FLEEEEING.
   776 | D:2      | 776 ||| FLEEEEING.
   777 | D:2      | 777 ||| FLEEEEING.
   779 | D:2      | Reached skill level 4 in Ranged Weapons
   846 | D:2      | Reached XP level 4. HP: 36/36 MP: 4/4
  1047 | D:2      | Reached skill level 5 in Ranged Weapons
  1048 | D:2      | Found a sacrificial altar of Ru.
  1154 | D:2      | 1154 ||| FLEEEEING.
  1155 | D:2      | 1155 ||| FLEEEEING.
  1160 | D:2      | 1160 ||| FLEEEEING.
  1481 | D:2      | 1481 ||| Stepping ~*~*~tactically~*~*~ (outnumbered).
  1486 | D:2      | Reached skill level 3 in Fighting
  1488 | D:2      | Reached XP level 5. HP: 20/45 MP: 5/5
  1490 | D:2      | 1490 ||| FLEEEEING.
  1496 | D:2      | 1496 ||| FLEEEEING.
  1497 | D:2      | 1497 ||| FLEEEEING.
  1498 | D:2      | 1498 ||| FLEEEEING.
  1895 | D:2      | 1895 ||| UPGRADING to +0 pair of gloves.
  1900 | D:2      | 1900 ||| READING scroll labelled BUV VIJEEBBOL.
  1901 | D:2      | 1901 ||| READING scroll labelled OHUFIM QISTROAQ.
  1904 | D:2      | 1904 ||| READING scroll labelled YFASA OCESHI.
  1904 | D:2      | Identified a scroll of acquirement
  1904 | D:2      | 1904 ||| ACQUIRING +0 pair of boots of Eternity {Dex+2}
  1904 | D:2      | Acquired the +0 pair of boots of Eternity {Dex+2}
  1906 | D:2      | 1906 ||| UPGRADING to +0 pair of boots of Eternity {Dex+2}.
  1911 | D:2      | 1911 ||| DRINKING 2 lumpy dark potions.
  1912 | D:2      | 1912 ||| READING 2 scrolls of identify.
  1912 | D:2      | 1912 ||| IDENTIFYING puce potion
  1913 | D:2      | 1913 ||| DROPPING potion of attraction.
  2127 | D:3      | Found a radiant altar of Vehumet.
  2345 | D:3      | Reached skill level 6 in Ranged Weapons
  2452 | D:3      | 2452 ||| UPGRADING to amulet of faith.
  2457 | D:3      | 2457 ||| UPGRADING to ring of willpower.
  2458 | D:3      | 2458 ||| READING scroll labelled VIUPE VAITAE.
  2559 | D:3      | 2559 ||| READING scroll labelled BAURE VAXKA.
  2583 | D:4      | Reached XP level 6. HP: 48/52 MP: 6/6
  2632 | D:4      | Noticed Robin
  2637 | D:4      | Reached skill level 1 in Armour
  2647 | D:4      | Killed Robin
  2880 | D:4      | Noticed Ijyb
  2898 | D:4      | Killed Ijyb
  2985 | D:4      | Identified the +7 dagger "Yjaoss" {holy, rC+ Int+3 Dex-2
                  | SInv}
  3058 | D:4      | Noticed Menkaure
  3066 | D:4      | HP: 13/52 [Menkaure (7)]
  3066 | D:4      | Killed Menkaure
  3067 | D:4      | Reached skill level 7 in Ranged Weapons
  3067 | D:4      | Reached XP level 7. HP: 15/59 MP: 7/7
  3304 | D:4      | 3304 ||| READING scroll labelled ONWEREI QUZETA.
  3305 | D:4      | 3305 ||| DRINKING 3 black potions.
  3352 | D:4      | 3352 ||| READING 2 scrolls of identify.
  3352 | D:4      | 3352 ||| IDENTIFYING yellow potion
  3353 | D:4      | 3353 ||| DROPPING potion of invisibility.
  3354 | D:4      | 3354 ||| DROPPING 2 potions of lignification.
  3374 | D:5      | Entered Level 5 of the Dungeon
  3440 | D:5      | Reached skill level 3 in Dodging
  3442 | D:5      | HP: 14/58 [wight/+3 flail (3)]
  3443 | D:5      | 3443 ||| READING 4 scrolls of teleportation.
  3443 | D:5      | Slain by a wight

Levels and vault maps discovered:
D:1:      minmay_arrival_floating_metal, layout_rooms,
          shapermc_ecumenical_altar_acropolis
D:2:      layout_basic, basic_altar
D:3:      layout_basic, nicolae_vehumet_radiance
D:4:      layout_basic, minmay_crossroads, uniq_robin, uniq_ijyb, uniq_menkaure
D:5:      layout_basic, dk_rats_in_the_wall

Skill      XL: |  1  2  3  4  5  6  7 |
---------------+----------------------+-----
Ranged Weapons | 3 4 5 6 7 |  7.5
Fighting       | 2 3 4 |  4.0
Armour         | 1 |  1.1
Dodging        | 3 |  3.8
Spellcasting   | |  1.0
Hexes          | |  2.0

Action                     |  1- 3 |  4- 6 |  7- 9 || total
---------------------------+-------+-------+-------++-------
   Fire: Sling             |    52 |   190 |    18 ||   260
    Use: Scroll            |     5 |     6 |     3 ||    14
         Potion            |       |     1 |     1 ||     2
 Armour: Robe              |       |    26 |       ||    26
  Dodge: Dodged            |     6 |    71 |     3 ||    80

Table legend:
 A = Non-vault XP
 B = Vault XP
 C = Vault XP percentage of total XP
 D = Non-vault monster count
 E = Vault monster count
 F = Vault count percentage of total count
                 A         B        C        D         E       F
            +---------+---------+-------+---------+---------+-------
      Total |     636 |     325 |  33.8 |      75 |      15 |  16.7
            +---------+---------+-------+---------+---------+-------
        D:1 |      23 |       0 |   0.0 |      14 |       0 |   0.0
        D:2 |     206 |       0 |   0.0 |      30 |       0 |   0.0
        D:3 |     102 |       0 |   0.0 |      14 |       0 |   0.0
        D:4 |     105 |     325 |  75.6 |      15 |      15 |  50.0
        D:5 |     200 |       0 |   0.0 |       2 |       0 |   0.0
            +---------+---------+-------+---------+---------+-------
